 Dungeon Sprint DCSS version 0.29.1-15-g9cfb28693d (webtiles) character file.

Game seed: 1391012005505596493

116 Groucho the Sneak (level 4, -7/18 (21) HPs)
             Began as a Spriggan Earth Elementalist on Mar 31, 2023.
             Killed from afar by a necromancer (14 damage)
             ... with a bolt of negative energy
             ... in the Dungeon (Sprint III: "The Ten Rune Challenge").
             The game lasted 00:01:42 (667 turns).

Groucho the Sneak (Spriggan Earth Elementalist)      Turns: 667, Time: 00:01:43

HP:   -7/18 (21)    AC:  2    Str:  6    XL:     4   Next: 69%
MP:   10/12         EV: 19    Int: 16    God:
Gold: 22            SH:  0    Dex: 15    Spells: 13/14 levels left

rFire   . . .      SeeInvis +   (weapon restricted)
rCold   . . .      Faith    .   (no shield)
rNeg    . . .      Spirit   .   a - +0 robe
rPois   .          Reflect  .   (helmet restricted)
rElec   .          Harm     .   (no cloak)
rCorr   .          Rampage  .   (gloves unavailable)
Will    .....      NoTele   +   (boots unavailable)
Stlth   ++++......              (no amulet)
HPRegen 0.06/turn               (no ring)
MPRegen 0.13/turn               (no ring)

@: heavily drained, very quick
A: very small, no large weapons, unfitting armour, see invisible, speed 3
a: no special abilities


You were in the Dungeon.
You visited 1 branch You collected 22 gold pieces.

Inventory:

Armour
 a - a +0 robe (worn)
Scrolls
 g - a scroll of blinking
 h - a scroll of immolation {unknown}
 i - 2 scrolls of identify
 k - a scroll of torment {unknown}
 l - a scroll of enchant armour {unknown}
Potions
 b - 3 potions of magic
 c - 4 potions of mutation {unknown}
 d - a potion of heal wounds
 e - a potion of haste
 f - a potion of berserk rage
 j - 4 potions of flight


   Skills:
 + Level 6.0 Dodging
 + Level 7.1 Stealth
 + Level 5.6 Spellcasting
 - Level 1.3 Transmutations
 * Level 6.0 Earth Magic


You had 13 spell levels left.
You knew the following spells:

 Your Spells              Type           Power      Damage    Failure   Level
a - Sandblast             Erth           46%        2d11      1%          1

Your spell library contained the following spells:

 Spells                   Type           Power      Damage    Failure   Level
 Passwall                 Tmut/Erth      13%        N/A       4%          2
 Stone Arrow              Conj/Erth      28%        3d8       12%         3
 Petrify                  Tmut/Erth      16%        N/A       30%         4


Dungeon Overview and Level Annotations

Branches:
Dungeon (1/1)

Altars:
Dithmenos
Ru
Yredelemnul


Innate Abilities, Weirdness & Mutations

You are very small and have problems with some larger weapons.
You are too small for most types of armour.
You have supernaturally acute eyesight. (SInv)
You cover ground extremely quickly. (Speed+++)


Message History

Your Spellcasting skill increases to level 5!
Your Earth Magic skill increases to level 6!
You have reached level 4!
Unknown command.
There is an open door to the Ecumenical Temple here.
There is a fountain of clear blue water here.
You start resting.
Magic restored.
You start waiting.
Done waiting.
You open the door.
A necrophage comes into view.
Found 9 gold pieces.
Found a shadowy altar of Dithmenos.
Casting: Sandblast (safe; 1% risk of failure)
Confirm with . or Enter, or press ? or * to list all spells.
Aiming: Sandblast (safe; 1% risk of failure)
Press: ? - help, Shift-Dir - straight line, f - necrophage
Aim: a necrophage (83% to hit)
The blast of sand hits the necrophage.
The necrophage is lightly damaged.
You hear a shout!
The necrophage closely misses you.
Casting: Sandblast (safe; 1% risk of failure)
Confirm with . or Enter, or press ? or * to list all spells.
Aiming: Sandblast (safe; 1% risk of failure)
Press: ? - help, Shift-Dir - straight line, f/p - necrophage
Aim: a necrophage (lightly damaged, 83% to hit)
The blast of sand hits the necrophage.
The necrophage is lightly damaged.
A necromancer comes into view. It is wielding a +0 dagger.
The necrophage hits you!
You feel drained. The necrophage hits you.
The necromancer moves out of view.
Unknown command.
Found a basalt altar of Yredelemnul and a sacrificial altar of Ru.
The necromancer gestures at you while chanting.
The bolt of negative energy hits the necrophage.
The necrophage completely resists.
The bolt of negative energy hits you!
You feel drained.
Ouch! That really hurt!
You die...

▓▓▓ ▓▓▓ ♣.♣ ♣.# ####
..♣♣ ♣♣.# #__# ...♣
..# #$p
.~♣♣♣♣♣.###+#+###n##
~~...♣♣.#..........#
~~~♣♣♣..'.⌠.....@..#
≈≈~~~.♣.#...######+#
≈~~~....#.⌠.#
~~~.....#...#
~.......#+###
........# ........#
▓▓▓▓▓▓▓▓▓


You could see a necromancer and a necrophage (wandering).

Vanquished Creatures
  A water elemental (D)
  Jessica (D)
  A human (D)
  A wolf (D)
  3 rats (D)
7 creatures vanquished.

Notes
Turn   | Place    | Note
-------+----------+-------------------------------------------
     0 | D        | Groucho the Spriggan Earth Elementalist began the quest for
                  | the Orb.
     0 | D        | Reached XP level 1. HP: 9/9 MP: 5/5
   169 | D        | Noticed Jessica
   173 | D        | Killed Jessica
   174 | D        | Reached skill level 5 in Stealth
   174 | D        | Reached XP level 2. HP: 13/13 MP: 4/8
   314 | D        | Reached XP level 3. HP: 16/16 MP: 5/10
   459 | D        | Reached skill level 5 in Dodging
   459 | D        | Reached skill level 6 in Stealth
   459 | D        | Reached skill level 5 in Earth Magic
   498 | D        | Noticed a water elemental
   516 | D        | Killed a water elemental
   517 | D        | Reached skill level 7 in Stealth
   517 | D        | Reached skill level 5 in Spellcasting
   517 | D        | Reached XP level 4. HP: 21/21 MP: 7/12
   663 | D        | Found a shadowy altar of Dithmenos.
   663 | D        | Noticed a necrophage
   666 | D        | Found a basalt altar of Yredelemnul.
   666 | D        | Found a sacrificial altar of Ru.
   667 | D        | Killed from afar by a necromancer

Illustrated notes

Levels and vault maps discovered:
D:        dungeon_sprint_mu [sprint_mu_entry_forest, sprint_mu_temple_rooms,
          sprint_mu_d1_spiders, sprint_mu_d2_genie, sprint_mu_d3_branching,
          sprint_mu_orc_legion, sprint_mu_elf_gauntlet, sprint_mu_hive_nellie,
          sprint_mu_lair_fedhas, sprint_mu_vaults_butterflies,
          sprint_mu_slime_circle, sprint_mu_swamp_cave, sprint_mu_snake_twists,
          sprint_mu_blade_basic, sprint_mu_crypt_fortress,
          sprint_mu_tomb_spiral, sprint_mu_vestibule_basic,
          sprint_mu_gehenna_hellfire, sprint_mu_dis_giant,
          sprint_mu_tartarus_statrot, sprint_mu_cocytus_islands, sprint_mu_zot1]

Skill      XL: |  1  2  3 |
---------------+----------+-----
Dodging        | 4 6 |  6.0
Earth Magic    | 4 6 |  6.0
Stealth        | 5 7 |  7.1
Spellcasting   | 4 5 |  5.6
Transmutations | |  1.3

Action                   |  1- 3 |  4- 6 || total
-------------------------+-------+-------++-------
 Cast: Sandblast         |    20 |     2 ||    22
  Use: Potion            |     1 |       ||     1
Armor: Robe              |     1 |       ||     1
Dodge: Dodged            |     8 |     1 ||     9
